 Dungeon Crawl Stone Soup version 0.30-a0-953-g5f1da4a474 (webtiles) character file.

Game seed: 1427809368123529232

4438 NotreDorf the Fighter (level 10, 0/90 HPs)
             Began as a Minotaur Fighter on Mar 29, 2023.
             Was an Elder of Okawaru.
             Slain by a yak (3 damage)
             ... on level 8 of the Dungeon.
             The game lasted 00:27:37 (7227 turns).

NotreDorf the Fighter (Minotaur Fighter)            Turns: 7227, Time: 00:27:37

Health: 0/90       AC: 12    Str: 32    XL:     10   Next: 14%
Magic:  9/9        EV: 10    Int: 11    God:    Okawaru [****..]
Gold:   165        SH:  7    Dex:  9    Spells: 9/9 levels left

rFire   + . .      SeeInvis .    G - +0 morningstar
rCold   + . .      Faith    .    q - +2 buckler {rF+}
rNeg    . . .      Spirit   .    l - +2 ring mail {rC+}
rPois   .          Reflect  .    (helmet restricted)
rElec   .          Rampage  .    (no cloak)
rCorr   .                        s - +0 pair of gloves
Will    .....                    z - +1 pair of boots Stlth
                                 (no amulet)
HPRegen 0.35/turn                f - +6 ring of intelligence
MPRegen 0.11/turn                F - +6 ring of strength

@: about to teleport
A: horns 2, retaliatory headbutt
a: Renounce Religion, Heroism, Finesse


You were on level 8 of the Dungeon.
You worshipped Okawaru.
Okawaru was greatly pleased with you.
You visited 2 branches of the dungeon, and saw 9 of its levels.

You collected 545 gold pieces.
You spent 380 gold pieces at shops.

Inventory:

Hand Weapons
 i - the +4 dire flail of Ru's Inspiration {holy, rElec Str-4 Dex+4 Stlth+}
   (You bought it in a shop on level 6 of the Dungeon)

   Str:       It affects your strength (-4).
   Dex:       It affects your dexterity (+4).
   rElec:     It insulates you from electricity.
   Stlth:     It makes you more stealthy.
 G - a +0 morningstar (weapon)
Missiles
 o - 2 throwing nets
 y - 12 poisoned darts (quivered)
Armour
 l - a +2 ring mail of cold resistance (worn)
 q - a +2 buckler of fire resistance (worn)
 s - a +0 pair of gloves (worn)
 z - a +1 pair of boots (worn)
Jewellery
 f - a +6 ring of intelligence (left hand)
 p - a ring of flight
 F - a +6 ring of strength (right hand)
Wands
 a - a wand of mindburst (6)
 w - a wand of digging (6)
Scrolls
 b - a scroll of blinking
 e - 2 scrolls of teleportation
 h - a scroll of fear
 k - a scroll of identify
 t - 3 scrolls of fog
Potions
 d - a potion of might
 g - 4 potions of curing
 j - 3 potions of cancellation
 n - a potion of invisibility
 r - a potion of berserk rage
 v - a potion of resistance
 D - 2 potions of brilliance
 I - a potion of ambrosia


   Skills:
 + Level 8.8 Fighting
 + Level 8.3 Maces & Flails
 + Level 8.7 Armour
 + Level 8.8 Shields
 + Level 7.2 Unarmed Combat


You had 9 spell levels left.
You didn't know any spells.
Your spell library contained the following spells:

 Spells                   Type           Power      Damage    Failure   Level
 Beastly Appendage        Tmut           0%         N/A       50%         1
 Sandblast                Erth           0%         2d4       50%         1
 Shock                    Conj/Air       0%         1d3       50%         1
 Passwall                 Tmut/Erth      0%         N/A       65%         2
 Sublimation of Blood     Necr           0%         N/A       65%         2
 Wereblood                Tmut           0%         N/A       65%         2
 Ignite Poison            Fire/Tmut/Pois 0%         N/A       86%         3
 Spider Form              Tmut/Pois      0%         N/A       86%         3
 Stone Arrow              Conj/Erth      0%         3d7       86%         3
 Swiftness                Air            0%         N/A       86%         3
 Airstrike                Air            0%         2d(0-16)  99%         4
 Sticky Flame             Conj/Fire      0%         2d3       99%         4
 Ignition                 Fire           0%         3d3       100%        8
 Summon Hydra             Summ           Unusable   N/A       N/A         7

Dungeon Overview and Level Annotations

Branches:
Dungeon (8/15)             Temple (1/1) D:4
   Lair: D:8-11

Altars:
Ashenzari
Cheibriados
Dithmenos
Elyvilon
Fedhas
Gozag
Hepliaklqana
Kikubaaqudgha
Nemelex Xobeh
Okawaru
Qazlal
Sif Muna
Uskayaw
Wu Jian
Xom
Yredelemnul
The Shining One

Shops:
D:4 *   D:6 [((([   D:7 :((

Annotations:
D:7 1 runed translucent door, BigDaddyOpFi's ghost, novice MiHu


Innate Abilities, Weirdness & Mutations

You have a pair of horns on your head.
You reflexively headbutt those who attack you in melee.


Message History

The yak is moderately wounded.
The yak gores you. The yak completely misses you. You block the yak's attack.
You hit the yak but do no damage. You headbutt the yak!
The yak is severely wounded.
The yak barely misses you. The yak gores you.
The yak gores you but does no damage.
You barely miss the yak. You headbutt the yak, but do no damage.
The yak is severely wounded.
The yak gores you! x2; The yak gores you.
You hit the yak. Your headbutt misses the yak.
The yak is almost dead.
The yak barely misses you. The yak gores you but does no damage.
You impale the yak!!
You kill the yak!
Okawaru accepts your kill. The yak closely misses you. You furiously retaliate!
You headbutt the yak! You block the yak's attack. The yak gores you.
You thump the yak! Your headbutt misses the yak.
The yak is moderately wounded.
The yak barely misses you. x2; You furiously retaliate!
You headbutt the yak! You hit the yak but do no damage.
The yak is heavily wounded.
The yak gores you! x2
* * * LOW HITPOINT WARNING * * *
You block the yak's attack.
As you read the scroll of teleportation, it crumbles to dust.
You feel strangely unstable. The yak gores you.
* * * LOW HITPOINT WARNING * * *
The yak gores you but does no damage. You block the yak's attack.
The yak gores you!
* * * LOW HITPOINT WARNING * * *
You thump the yak!
You kill the yak!
Okawaru accepts your kill. The yak gores you.
* * * LOW HITPOINT WARNING * * *
The yak gores you.
* * * LOW HITPOINT WARNING * * *
The yak gores you.
You die...

....###'≈#≈.≈#≈####
........≈#≈_≈#≈#
........≈#≈≈≈#≈#
+##.....≈#####≈#
#.....≈≈≈≈≈≈≈#
#####'##+####
...####.#..#
#....†Y..#
..Y...#@.##
#.Y##.YY.# #.
#.#>.# #.#### #


You could see 3 yaks.

Vanquished Creatures
  13 yaks
  2 steam dragons
  Menkaure (D:5)
  A water moccasin (D:4)
  3 sky beasts (D:7)
  An ice beast (D:7)
  3 black bears
  A kobold brigand (D:7)
  A bullfrog (D:7)
  2 scorpions
  3 wights (D:6)
  4 killer bees (D:8)
  4 howler monkeys
  8 hounds
  A jelly (D:6)
  An orc priest (D:5)
  4 iguanas
  A sleepcap (D:6)
  4 orc wizards (D:5)
  Robin (D:2)
  12 adders
  4 river rats (D:4)
  A white imp (D:8)
  An ufetubus (D:5)
  3 worms
  8 dart slugs
  20 orcs
  8 endoplasms
  2 giant cockroaches
  18 goblins
  9 hobgoblins
  4 jackals (D:1)
  2 quokkas
  7 ball pythons
  3 bats (D:1)
  4 frilled lizards
  14 kobolds
  11 rats
190 creatures vanquished.

Notes
Turn   | Place    | Note
-------+----------+-------------------------------------------
     0 | D:1      | NotreDorf the Minotaur Fighter began the quest for the Orb.
     0 | D:1      | Reached XP level 1. HP: 19/19 MP: 0/0
    56 | D:1      | Reached XP level 2. HP: 27/27 MP: 1/1
   304 | D:1      | Reached skill level 1 in Unarmed Combat
   333 | D:1      | Reached XP level 3. HP: 33/33 MP: 2/2
  1160 | D:2      | Reached XP level 4. HP: 40/40 MP: 3/3
  1484 | D:2      | Noticed Robin
  1518 | D:2      | Killed Robin
  1994 | D:3      | Found a snail-covered altar of Cheibriados.
  2225 | D:3      | Reached XP level 5. HP: 45/47 MP: 4/4
  2647 | D:4      | Found Saifesun's Assorted Antiques.
  2657 | D:4      | Bought a coppery potion for 17 gold pieces
  2657 | D:4      | Bought a scroll labelled AXISHR IN YFIXT for 19 gold pieces
  2657 | D:4      | Bought 3 scrolls labelled SIDURO YSMEQ for 57 gold pieces
  2657 | D:4      | Bought a purple potion for 17 gold pieces
  2700 | D:4      | Reached XP level 6. HP: 47/55 MP: 5/5
  2770 | D:4      | Found a staircase to the Ecumenical Temple.
  2777 | Temple   | Entered the Ecumenical Temple
  2821 | Temple   | Became a worshipper of Warmaster Okawaru
  3144 | D:4      | Reached skill level 5 in Fighting
  3144 | D:4      | Reached skill level 5 in Armour
  3144 | D:4      | Reached skill level 5 in Shields
  3159 | D:4      | Found a glowing drain.
  3265 | D:5      | Entered Level 5 of the Dungeon
  3364 | D:5      | Noticed a water moccasin
  3390 | D:5      | Noticed Menkaure
  3396 | D:5      | Killed Menkaure
  3396 | D:5      | Reached * piety under Okawaru
  3397 | D:5      | Reached XP level 7. HP: 51/61 MP: 6/6
  3688 | D:5      | Reached skill level 5 in Maces & Flails
  4145 | D:5      | Reached XP level 8. HP: 67/70 MP: 7/7
  4378 | D:6      | Found Ezeul's Armour Emporium.
  4561 | D:6      | Found Igiugurae's Antique Weapon Shoppe.
  4571 | D:6      | Reached ** piety under Okawaru
  4640 | D:6      | Found Xatupeij's Antique Weapon Shop.
  4910 | D:6      | Found Kuydd's Antique Armour Shoppe.
  4919 | D:6      | Found Punuraost's Antique Weapon Emporium.
  4924 | D:6      | Bought a crude dire flail for 270 gold pieces
  4924 | D:6      | Identified the +4 dire flail of Ru's Inspiration {holy,
                  | rElec Str-4 Dex+4 Stlth+} (You bought it in a shop on level
                  | 6 of the Dungeon)
  5049 | D:6      | Reached skill level 5 in Unarmed Combat
  5441 | D:7      | Reached XP level 9. HP: 31/79 MP: 8/8
  5846 | D:7      | Found Qimuts's Antique Weapon Emporium.
  6047 | D:7      | Found Agein's Book Shoppe.
  6071 | D:7      | Found Dam Reewo's Weapon Boutique.
  6252 | D:7      | Found a runed translucent door.
  6252 | D:7      | Found a shimmering altar of Xom.
  6252 | D:7      | Noticed BigDaddyOpFi's ghost (novice MiHu)
  6252 | D:7      | Noticed a +0 long sword of chaos
  6416 | D:7      | Reached *** piety under Okawaru
  6796 | D:8      | Reached **** piety under Okawaru
  6804 | D:8      | Reached XP level 10. HP: 37/90 MP: 9/9
  7198 | D:8      | Found a white marble altar of Elyvilon.
  7198 | D:8      | Found an opulent altar of Gozag.
  7227 | D:8      | HP: 3/90 [yak (6)]
  7227 | D:8      | Slain by a yak

Illustrated notes

Levels and vault maps discovered:
D:1:      dpeg_arrival_subterranean_lakeside_camping, layout_basic
D:2:      layout_loops_corners, item_on_display_a, uniq_robin
D:3:      layout_loops_corners, kennysheep_slug_shrine
D:4:      layout_cave_pools, minmay_temple_entry_gardened_gates, serial_shops,
          shop, lightli_sewer_entry_pipes
D:5:      layout_basic, uniq_menkaure
D:6:      layout_basic, serial_shops, nicolae_inconvenience_store, shop,
          nicolae_shop_temple_entry_statues_fountains, shop,
          nicolae_diamond_shop
D:7:      layout_basic, ebering_ghost_xom, serial_shops,
          nicolae_shop_bloodbath_and_beyond, nicolae_shop_hallway_plus, shop
D:8:      layout_basic, nicolae_overflow_two_pavilions,
          gammafunk_ghost_berserking_beasts
Temple:   eino_temple_lava

Skill      XL: |  1  2  3  4  5  6  7  8  9 |
---------------+----------------------------+-----
Unarmed Combat | 1 2 3 4 5 7 |  7.2
Fighting       | 4 5 6 7 8 |  8.8
Armour         | 4 5 6 7 8 |  8.7
Shields        | 4 5 6 7 8 |  8.8
Maces & Flails | 3 4 5 6 8 |  8.3

Action                     |  1- 3 |  4- 6 |  7- 9 | 10-12 || total
---------------------------+-------+-------+-------+-------++-------
  Melee: Flail             |    69 |   156 |    71 |       ||   296
         Headbutt          |     6 |    22 |    47 |     6 ||    81
         Morningstar       |       |       |   176 |    36 ||   212
  Throw: Dart              |       |       |     3 |       ||     3
    Use: Scroll            |       |     8 |    12 |     1 ||    21
         Potion            |       |     2 |     4 |       ||     6
 Armour: Scale mail        |    20 |    78 |   147 |       ||   245
         Ring mail         |       |       |    25 |    21 ||    46
  Dodge: Dodged            |    37 |    77 |   137 |    33 ||   284
  Block: Buckler           |    12 |    32 |    69 |    19 ||   132

Table legend: (Time is in decaauts)
 A = Elapsed time spent in this place.
 B = Non-inter-level travel time spent in this place.
 C = Inter-level travel time spent in this place.
 D = Time resting spent in this place.
 E = Time spent auto-exploring this place.
 F = Levels seen in this place.
 G = Mean time per level.
                   A        B        C        D        E       F      G
               +--------+--------+--------+--------+--------+-----+--------+
         Total |   7406 |   7040 |    366 |   1022 |   4529 |   9 |  822.9 |
       Dungeon |   7352 |   6995 |    357 |   1022 |   4500 |   8 |  919.0 |
        Temple |     53 |     44 |      9 |      0 |     29 |   1 |   53.0 |
               +--------+--------+--------+--------+--------+-----+--------+

Top non-repeatable levels by time:
     D:7: 1384 daAuts
     D:6: 1224 daAuts
     D:3: 979 daAuts
     D:5: 935 daAuts
     D:2: 870 daAuts
     D:4: 835 daAuts
     D:1: 814 daAuts
     D:8: 308 daAuts
  Temple: 53 daAuts
